 Dungeon Crawl Stone Soup version 0.27.0-1-g7a089689b8 (webtiles) character file.

Game seed: 11109559384900919735

46732 Smaepdii the Fighter (level 14, 0/132 HPs)
             Began as a Minotaur Berserker on Aug 1, 2021.
             Was a High Priest of Trog.
             Killed from afar by an oklob plant (6 damage)
             ... with a splash of acid
             ... on level 5 of the Lair of Beasts.
             The game lasted 02:48:20 (21255 turns).

Smaepdii the Fighter (Minotaur Berserker)          Turns: 21255, Time: 02:48:21

Health: 0/132      AC: 10    Str: 31    XL:     14   Next: 5%
Magic:  13/13      EV: 13    Int: 11    God:    Trog [*****.]
Gold:   440        SH:  0    Dex: 12    Spells: 13/13 levels left

rFire    . . .     SeeInvis +   a - +3 executioner's axe of Testudine's Regret {vorpal, rElec Will+}
rCold    . . .     Faith    +   (shield currently unavailable)
rNeg     . . .     Spirit   .   c - +0 plate armour
rPois    .         Reflect  .   (helmet restricted)
rElec    +         Harm     .   q - +0 cloak
rCorr    .         Rampage  .   B - +1 pair of gloves
Will     ++++.                  d - +0 pair of boots
Stlth    ..........             O - amulet of faith
HPRegen  1.32/turn              T - ring of Exhibitionism {Int+7 Slay+5 SInv}
MPRegen  0.13/turn              m - +6 ring of strength

@: strong-willed, corroded, regenerating
A: horns 2, retaliatory headbutt
a: Renounce Religion, Berserk, Trog's Hand, Brothers in Arms


You were on level 5 of the Lair of Beasts.
You worshipped Trog.
Trog was extremely pleased with you.
You visited 2 branches of the dungeon, and saw 16 of its levels.

You collected 1354 gold pieces.
You spent 914 gold pieces at shops.

Inventory:

Hand Weapons
 a - the +3 executioner's axe of Testudine's Regret (weapon) {vorpal, rElec Will+}
   (Trog gifted it to you on level 4 of the Lair of Beasts)

   It inflicts extra damage upon your enemies.
   rElec:     It insulates you from electricity.
   Will:      It increases your willpower.
 b - a +2 battleaxe of flaming
Missiles
 e - 15 javelins (quivered)
 n - a throwing net
Armour
 c - a +0 plate armour (worn)
 d - a +0 pair of boots (worn)
 k - +0 ice dragon scales
 q - a +0 cloak (worn)
 z - the +1 robe "Otsiath" {rF+ rC+}
   (You found it on level 5 of the Dungeon)

   rF:        It protects you from fire.
   rC:        It protects you from cold.
 B - a +1 pair of gloves (worn)
 J - +1 acid dragon scales
 K - a +0 kite shield
 M - the +2 hat of Meicit {rF+ Will- MP+9 Int+7}
   (You found it on level 8 of the Dungeon)

   Int:       It affects your intelligence (+7).
   rF:        It protects you from fire.
   MP:        It affects your magic capacity (+9).
   Will:      It decreases your willpower.
Jewellery
 m - a +6 ring of strength (right hand)
 p - a ring of fire
 t - an amulet of the acrobat
 y - a ring of flight
 D - a ring of willpower
 E - an amulet of magic regeneration
 G - an amulet of regeneration
 O - an amulet of faith (around neck)
 T - the ring of Exhibitionism (left hand) {Int+7 Slay+5 SInv}
   (You bought it in a shop on level 7 of the Dungeon)

   [ring of see invisible]

   Int:       It affects your intelligence (+7).
   Slay:      It affects your accuracy & damage with ranged weapons and melee
   (+5).
   SInv:      It lets you see invisible.
 W - a ring of resist corrosion
Wands
 f - a wand of acid (30)
 F - a wand of flame (24)
 I - a wand of polymorph (3)
 S - a wand of digging (7)
 U - a wand of iceblast (15)
Scrolls
 h - 2 scrolls of identify
 u - a scroll of enchant armour
 A - 3 scrolls of fog
 X - a scroll of magic mapping
 Y - 3 scrolls of brand weapon
Potions
 g - 3 potions of brilliance
 i - 5 potions of lignification
 j - a potion of mutation
 l - 8 potions of curing
 o - 2 potions of berserk rage
 r - a potion of might
 s - 2 potions of attraction
 x - 3 potions of ambrosia
 C - 3 potions of invisibility
 H - a potion of magic
 Q - 2 potions of flight
Miscellaneous
 V - a tin of tremorstones (1/2)


   Skills:
 + Level 14.2 Fighting
 + Level 14.1 Axes
 + Level 13.9 Armour
 + Level 12.9 Dodging
 - Level 8.4 Shields


You had 13 spell levels left.
You didn't know any spells.
Your spell library was empty.

Dungeon Overview and Level Annotations

Branches:
Dungeon (11/15)            Temple (0/1) D:5            Lair (5/6) D:8
 Shoals (0/4) Lair:4        Snake (0/4) Lair:2          Orc (0/2) D:11
  Slime: Lair:5-6

Altars:
Cheibriados
Dithmenos
Sif Muna
The Shining One
Lugonu

Shops:
D:1 [   D:7 =   D:8 (   D:9 *

Portals:
Abyss: Lair:4

Annotations:
D:9 3 runed translucent doors, exclusion: 3 doors, ZARRMARR's ghost, novice HOFi
Lair:5 exclusion: 3 oklob plants


Innate Abilities, Weirdness & Mutations

You have a pair of horns on your head.
You reflexively headbutt those who attack you in melee.


Message History

The oklob plant spits acid at you. The splash of acid misses you.
The oklob plant spits acid at you. The splash of acid hits you.
You are splashed with acid!
The oklob plant spits acid at you.
The splash of acid hits you but does no damage.
You are splashed with acid!
Found a glowing trident.
You see here a scroll of enchant armour.
u - a scroll of enchant armour The oklob plant spits acid at you.
The splash of acid misses you. The oklob plant spits acid at you.
The splash of acid hits you but does no damage.
The acid corrodes you!
You are splashed with acid!
Found 39 gold pieces and a ring mail.
Your skin crawls.
You feel strong-willed. The oklob plant spits acid at you.
The splash of acid hits you! The acid corrodes you!
You are splashed with acid!
You fail to use your ability.
The oklob plant spits acid at you. The splash of acid hits you.
The acid corrodes you!
You are splashed with acid!
Okay, then.
You are too injured to fight recklessly!
The oklob plant spits acid at you. The splash of acid hits you.
You are splashed with acid!
The oklob plant spits acid at you. The splash of acid hits you!
* * * LOW HITPOINT WARNING * * *
You are splashed with acid!
* * * LOW HITPOINT WARNING * * *
The oklob plant spits acid at you. The splash of acid hits you!
* * * LOW HITPOINT WARNING * * *
You are splashed with acid!
* * * LOW HITPOINT WARNING * * *
The oklob plant spits acid at you. The splash of acid hits you.
You die...

$$[$.# ≈.. )[.P[# ≈≈≈≈..
.$$P.# .≈≈≈≈. ###P..[.#
≈≈≈≈..≈≈... ##P#.....##
≈≈≈≈...≈≈.####.........#
≈≈≈≈≈.≈....P# #........## #
≈≈≈≈≈≈≈≈...P###.....#...#.#
(≈≈≈≈≈........@...........##
(≈≈≈≈≈....#..##....##....<.#
(≈≈≈≈.≈.....#†††..........P.
≈≈≈≈≈≈≈≈)....................
≈≈≈≈≈≈≈.≈..≈......P....#......
≈≈≈≈≈≈...≈≈..##..#....####.#..
≈≈≈≈≈≈≈.≈≈≈.............. ...
..≈≈≈≈.≈≈≈≈..##....#.....P ..
......≈≈≈≈.........####....


P You could see 3 oklob plants.

Vanquished Creatures
  Rupert (Lair:2)
  Snorg (Lair:3)
  11 hydras
  2 boulder beetles
  2 swamp dragons (Lair:3)
  A lindwurm (D:8)
  A necromancer (Lair:5)
  9 elephants
  5 black mambas
  Maurice (D:9)
  11 cane toads
  Maggie (Lair:1)
  2 rime drakes
  A jumping spider (D:8)
  9 komodo dragons
  5 polar bears
  A troll (D:10)
  Prince Ribbit (D:5)
  6 blink frogs
  A dream sheep (Lair:4)
  An air elemental (D:10)
  3 redbacks (D:8)
  3 shadows
  26 yaks
  A fire bat (D:4)
  A water elemental (D:10)
  4 wyverns
  6 basilisks
  A fire elemental (D:10)
  A steam dragon (D:8)
  6 vampire mosquitoes (Lair:3)
  5 nagas (Lair:2)
  12 water moccasins
  An acid dragon (D:10)
  8 orc warriors
  3 ice beasts
  A sky beast (D:7)
  4 black bears
  An elephant zombie (Lair:5)
  A necrophage (D:5)
  2 ogres
  17 centaurs
  6 wolves (Lair:5)
  2 phantoms
  24 bullfrogs
  2 kobold brigands
  A komodo dragon zombie (Lair:5)
  An earth elemental (D:10)
  2 scorpions (D:4)
  2 water moccasin zombies
  5 killer bees (D:7)
  8 wights
  2 howler monkeys (D:8)
  4 electric eels
  A lava snake (D:8)
  A basilisk zombie (Lair:5)
  5 centaur zombies
  A hound (D:6)
  5 jellies
  4 orc priests
  2 centaur skeletons
  A bullfrog skeleton (D:7)
  An iguana (D:7)
  13 orc wizards
  A hound zombie (D:5)
  A howler monkey zombie (D:5)
  3 gnolls (D:4)
  8 adders
  2 worms
  5 dart slugs
  38 orcs
  12 ball pythons
  11 bats
  13 endoplasms
  6 goblins
  2 hobgoblins (D:2)
  A frilled lizard (D:1)
  18 kobolds
  6 rats
  A lurking horror (Lair:4)
401 creatures vanquished.

Vanquished Creatures (collateral kills)
  A boulder beetle (Lair:4)
  A hydra (Lair:4)
  Urug (Lair:3)
  5 yaks
  An electric eel (Lair:3)
9 creatures vanquished.

Vanquished Creatures (others)
  A kobold (D:8)
  41 fungi
  A lurking horror (Lair:4)
  88 plants
  9 toadstools (D:2)
140 creatures vanquished.

Grand Total: 550 creatures vanquished

Notes
Turn   | Place    | Note
-------+----------+-------------------------------------------
     0 | D:1      | Smaepdii the Minotaur Berserker began the quest for the
                  | Orb.
     0 | D:1      | Reached XP level 1. HP: 19/19 MP: 0/0
   292 | D:1      | Reached XP level 2. HP: 27/27 MP: 1/1
   740 | D:1      | Found Warall's Antique Armour Emporium.
   771 | D:1      | Reached skill level 1 in Shields
  1004 | D:2      | Found a faded altar of an unknown god.
  1174 | D:2      | Reached XP level 3. HP: 29/33 MP: 2/2
  1766 | D:2      | Reached XP level 4. HP: 40/40 MP: 3/3
  1775 | D:2      | Reached ** piety under Trog
  1784 | D:2      | Reached XP level 5. HP: 41/47 MP: 4/4
  2621 | D:3      | Found a shadowy altar of Dithmenos.
  2901 | D:4      | Found a transporter.
  3073 | D:4      | Found a transporter.
  3073 | D:4      | Noticed a fire bat
  3076 | D:4      | Killed a fire bat
  3077 | D:4      | Reached skill level 5 in Fighting
  3077 | D:4      | Reached skill level 5 in Axes
  3077 | D:4      | Reached XP level 6. HP: 56/56 MP: 5/5
  3633 | D:4      | Reached XP level 7. HP: 61/61 MP: 6/6
  3889 | D:5      | Entered Level 5 of the Dungeon
  4011 | D:5      | Reached skill level 5 in Armour
  4060 | D:5      | Found a staircase to the Ecumenical Temple.
  4118 | D:5      | Identified the +1 robe "Otsiath" {rF+ rC+}
  4219 | D:5      | Noticed Prince Ribbit
  4246 | D:5      | Killed Prince Ribbit
  4247 | D:5      | Reached skill level 5 in Dodging
  4247 | D:5      | Reached XP level 8. HP: 70/70 MP: 7/7
  4558 | D:5      | Reached skill level 5 in Shields
  4721 | D:6      | Found a shimmering blue altar of Sif Muna.
  4809 | D:6      | Reached *** piety under Trog
  5392 | D:7      | Found Efaneb's Jewellery Emporium.
  5460 | D:7      | Reached XP level 9. HP: 75/79 MP: 8/8
  5787 | D:7      | Identified the +6 falchion "Giur" {flame, rN+ Str+3}
  5851 | D:7      | Found a glowing golden altar of the Shining One.
  6654 | D:8      | Reached **** piety under Trog
  6984 | D:8      | Found a snail-covered altar of Cheibriados.
  6993 | D:8      | Found a runed translucent door.
  6999 | D:8      | Found the +6 shillelagh "Devastator" {shatter}
  7020 | D:8      | Noticed a jumping spider
  7034 | D:8      | Reached XP level 10. HP: 90/90 MP: 9/9
  7078 | D:8      | Identified the +2 hat of Meicit {rF+ Will- MP+9 Int+7}
  7079 | D:8      | Found a runed translucent gate.
  7079 | D:8      | Found a runed translucent gate.
  7079 | D:8      | Found a runed translucent gate.
  7079 | D:8      | Found a runed translucent gate.
  7079 | D:8      | Found a runed translucent gate.
  7079 | D:8      | Found a runed translucent gate.
  7079 | D:8      | Noticed a lindwurm
  7079 | D:8      | Noticed a boulder beetle
  7328 | D:8      | Killed a boulder beetle
  7375 | D:8      | Killed a lindwurm
  7707 | D:8      | Found Cuxycseyzy's Hydra Hut.
  7711 | D:8      | Noticed a seven-headed hydra
  7717 | D:8      | Bought a +1 battleaxe of flaming for 280 gold pieces
  7899 | D:8      | Found a staircase to the Lair.
  8409 | D:9      | Found Yklaj's Neck Hole.
  8666 | D:9      | Found a runed translucent gate.
  8754 | D:9      | Found a runed translucent gate.
  8754 | D:9      | Found a runed translucent gate.
  8759 | D:9      | Noticed ZARRMARR's ghost (novice HOFi)
  8867 | D:9      | Noticed a spectral centaur warrior
  9070 | D:9      | Noticed Maurice
  9095 | D:9      | Killed Maurice
  9209 | D:10     | Entered Level 10 of the Dungeon
  9963 | D:10     | Reached skill level 10 in Fighting
 10031 | D:10     | Found a large runed translucent door.
 10032 | D:10     | Found a large runed translucent door.
 10064 | D:10     | Reached XP level 11. HP: 76/99 MP: 10/10
 10069 | D:10     | Reached skill level 10 in Axes
 10386 | D:10     | Paralysed by an air elemental for 1 turns
 11119 | D:11     | Reached skill level 10 in Armour
 11122 | D:11     | Reached ***** piety under Trog
 11323 | D:11     | Found a staircase to the Orcish Mines.
 11855 | D:7      | Bought the ring of Exhibitionism {Int+7 Slay+5 SInv} for
                  | 634 gold pieces
 11913 | Lair:1   | Entered Level 1 of the Lair of Beasts
 12198 | Lair:1   | Noticed an eight-headed hydra
 12206 | Lair:1   | Killed a five-headed hydra
 12661 | Lair:1   | Noticed Maggie
 12672 | Lair:1   | Killed Maggie
 12850 | Lair:1   | Noticed an eight-headed hydra
 12859 | Lair:1   | Killed a five-headed hydra
 12860 | Lair:1   | Reached skill level 10 in Dodging
 13205 | Lair:2   | Noticed an eight-headed hydra
 13385 | Lair:1   | Killed a five-headed hydra
 13386 | Lair:1   | Reached XP level 12. HP: 85/110 MP: 11/11
 14032 | Lair:2   | You fall into a shaft and drop 1 floor!
 14041 | Lair:3   | Noticed Rupert
 14304 | Lair:2   | Received a gift from Trog
 14323 | Lair:2   | Noticed an eight-headed hydra
 14347 | Lair:2   | Killed a three-headed hydra
 14627 | Lair:2   | Noticed a seven-headed hydra
 14633 | Lair:2   | Killed a five-headed hydra
 14864 | Lair:2   | Noticed a seven-headed hydra
 14871 | Lair:2   | Killed a four-headed hydra
 15241 | Lair:2   | Found a staircase to the Snake Pit.
 15557 | Lair:2   | Killed Rupert
 16119 | Lair:3   | Reached XP level 13. HP: 109/119 MP: 12/12
 16590 | Lair:3   | Noticed Snorg
 16594 | Lair:3   | Killed Snorg
 16704 | Lair:3   | Noticed Urug
 16727 | Lair:3   | Killed Urug
 18331 | Lair:4   | Found a corrupted altar of Lugonu.
 18332 | Lair:4   | Found a one-way gate to the infinite horrors of the Abyss.
 18702 | Lair:4   | Found a staircase to the Shoals.
 19259 | Lair:4   | Identified the +6 falchion of Calculation {vamp, Stlth+}
 19279 | Lair:4   | Identified the +3 executioner's axe of Testudine's Regret
                  | {vorpal, rElec Will+} (Trog gifted it to you on level 4 of
                  | the Lair of Beasts)
 19279 | Lair:4   | Received a gift from Trog
 21132 | Lair:5   | Reached XP level 14. HP: 124/132 MP: 13/13
 21255 | Lair:5   | HP: 6/132 [acid (10)]
 21255 | Lair:5   | Killed from afar by an oklob plant

Illustrated notes

Levels and vault maps discovered:
D:1:      matt_arrival_spirals, layout_basic, serial_shops, shop,
          minmay_misc_feat_more_columns
D:2:      cheibrodos_fertilizer, layout_basic,
          hellmonk_ecumenical_altar_lost_god
D:3:      layout_basic, nicolae_dithmenos_the_darkroom, minivault_24,
          nrook_campfire
D:4:      gammafunk_cloud_chamber, layout_rooms
D:5:      layout_rooms, minmay_temple_entry_hall, fountainhead,
          uniq_prince_ribbit1
D:6:      layout_rooms, mainiacjoe_overflow_boulevard
D:7:      layout_rooms, tso_metal_star, serial_shops, shop,
          kennysheep_generic_room_9
D:8:      gammafunk_indiana_jones, layout_gridville,
          mainiacjoe_overflow_catwalk, lair_entry_dummy, doesnt_shop_hydraphobe
D:9:      layout_gridville, gammafunk_ghost_necromancy,
          nicolae_shop_sticking_my_neck_out, uniq_maurice
D:10:     layout_irregular_city, minmay_misc_feat_roman,
          lightli_elemental_guards
D:11:     layout_loops_cross, david_orc_4
Lair:1:   layout_cellular_growth, uniq_maggie
Lair:2:   layout_small_grid, minmay_snake_entry_guardpost_medium
Lair:3:   layout_long_grid, serial_bayou, serial_bayou_lake_a,
          serial_bayou_ford_a, serial_bayou_pond_d, serial_bayou_lagoon_a,
          serial_bayou_lagoon_b, serial_bayou_pond_a,
          chequers_serial_rivers_small_3, pond, uniq_rupert, uniq_urug,
          uniq_snorg
Lair:4:   nzn_winding_woodlands_medium [nzn_winding_woodlands_5x5_perimeter,
          nzn_winding_woodlands_5x15_concentric,
          nzn_winding_woodlands_5x5_three, nzn_winding_woodlands_hourglass,
          nzn_winding_woodlands_center_garden,
          nzn_winding_woodlands_5x5_default,
          nzn_winding_woodlands_5x5_open_star,
          nzn_winding_woodlands_5x15_sawtooth,
          nzn_winding_woodlands_5x5_checkerboard], layout_concentric_octagons,
          minmay_shoals_entry_centaurs, amcnicky_altar_lugonu_corruption
Lair:5:   pond_and_an_island_with_a_cottage, layout_misc_corridors, st_stairs_8,
          ice2_lemuel, minmay_lair_oklob_chamber, serial_bayou_shore_a,
          lemuel_fruit_fields

Skill      XL: |  1  2  3  4  5  6  7  8  9 10 11 12 13 |
---------------+----------------------------------------+-----
Shields        | 1 2 3 4 6 7 8 |  8.4
Fighting       | 4 5 6 7 8 10 11 12 14 | 14.2
Axes           | 4 5 6 7 8 9 11 12 14 | 14.1
Armour         | 3 4 5 6 8 9 11 12 13 | 13.9
Dodging        | 3 4 5 6 7 8 10 11 12 | 12.9

Action                   |  1- 3 |  4- 6 |  7- 9 | 10-12 | 13-15 || total
-------------------------+-------+-------+-------+-------+-------++-------
Melee: Hand axe          |    61 |    81 |   201 |    56 |       ||   399
       Headbutt          |     5 |    15 |    52 |   114 |    49 ||   235
       Halberd           |       |       |    14 |       |       ||    14
       Battleaxe         |       |       |       |   348 |   123 ||   471
       Executioner's axe |       |       |       |       |    71 ||    71
Throw: Javelin           |     5 |    19 |    16 |     2 |     2 ||    44
       Stone             |       |     1 |       |       |       ||     1
Invok: Berserk           |     3 |     4 |     9 |    14 |     4 ||    34
       Trog's Hand       |       |       |       |     4 |     4 ||     8
       Brothers in Arms  |       |       |       |     3 |     3 ||     6
Evoke: Tin of tremorston |       |       |       |       |     1 ||     1
       Wand              |       |       |       |       |     1 ||     1
  Use: Scroll            |       |    11 |    10 |    12 |     3 ||    36
       Potion            |       |       |     3 |     6 |     4 ||    13
Armor: Animal skin       |     4 |       |       |       |       ||     4
       Ring mail         |    10 |    27 |    15 |       |       ||    52
       Chain mail        |       |       |    54 |       |       ||    54
       Plate armour      |       |       |    42 |   331 |   185 ||   558
       Robe              |       |       |       |     1 |       ||     1
Dodge: Dodged            |    39 |    59 |   155 |   231 |   168 ||   652
Block: Kite shield       |       |       |    17 |    27 |       ||    44
